 Dungeon Crawl Stone Soup version 0.24-a0-290-gbb66a67 (webtiles) character file.

Game seed: 7955131953002533429

739 Qix the Shooter (level 7, 0/56 HPs)
             Began as a Centaur Arcane Marksman on May 8, 2019.
             Was an Initiate of Okawaru.
             Slain by a killer bee (5 damage)
             ... on level 5 of the Dungeon.
             The game lasted 00:17:00 (7281 turns).

Qix the Shooter (Centaur Arcane Marksman)           Turns: 7281, Time: 00:17:00

Health: 0/56       AC:  8    Str: 15    XL:     7   Next: 46%
Magic:  8/8        EV:  5    Int: 12    God:    Okawaru [......]
Gold:   247        SH:  0    Dex: 12    Spells: 7/8 levels left

rFire    . . .     SeeInvis .   b - +0 spear
rCold    . . .     Gourm    .   (no shield)
rNeg     . . .     Faith    .   u - +0 chain mail
rPois    .         Spirit   .   (no helmet)
rElec    .         Reflect  .   (no cloak)
rCorr    .         Harm     .   (no gloves)
MR       .....                  (no barding)
Stlth    ..........             (no amulet)
HPRegen  0.18/turn              i - +3 ring of dexterity
MPRegen  0.11/turn              (no ring)

@: lethally poisoned (0 -> -3), very quick
A: large, hooves 3, deformed body, speed 2, tough skin 3
a: Renounce Religion


You were on level 5 of the Dungeon.
You worshipped Okawaru.
Okawaru was noncommittal.
You were not hungry.

You visited 2 branches of the dungeon, and saw 6 of its levels.

You collected 247 gold pieces.

Inventory:

Hand Weapons
 a - a +0 shortbow
 b - a +0 spear (weapon)
Missiles
 d - 29 arrows
 g - 7 tomahawks (quivered)
Armour
 k - a +0 scale mail
 u - a +0 chain mail (worn)
Jewellery
 i - a +3 ring of dexterity (left hand)
Wands
 h - a wand of flame (25)
 n - a wand of random effects (17)
Scrolls
 c - 2 scrolls of remove curse
 e - a scroll of immolation {unknown}
 j - a scroll of teleportation
 q - a scroll of identify
 r - a scroll of fog {unknown}
 s - a scroll of enchant armour {unknown}
 v - 2 scrolls of enchant weapon
Potions
 l - a potion of curing
 m - a potion of brilliance
 o - a potion of flight
 t - a potion of magic
Comestibles
 f - 8 rations


   Skills:
 + Level 2.8 Fighting
 + Level 3.0 Polearms
 + Level 6.2 Bows
 * Level 3.6 Armour
 - Level 1.4 Dodging
 - Level 1.0 Spellcasting
 - Level 3.1 Hexes


You had 7 spell levels left.
You knew the following spells:

 Your Spells              Type           Power        Failure   Level  Hunger
a - Corona                Hex            #......      86%         1    ##.....

Your spell library contained the following spells:

 Spells                   Type           Power        Failure   Level  Hunger
 Slow                     Hex            #.......     94%         2    ###....
 Inner Flame              Hex/Fire       #.......     100%        3    ####...
 Portal Projectile        Hex/Tloc       #.....       100%        3    ####...
 Cause Fear               Hex            #.........   100%        4    #####..
 Leda's Liquefaction      Hex/Erth       #.........   100%        4    #####..


Dungeon Overview and Level Annotations

Branches:
Dungeon (5/15)             Temple (1/1) D:4

Altars:
Ashenzari
Cheibriados
Dithmenos
Elyvilon
Fedhas
Kikubaaqudgha
Makhleb
Okawaru
Qazlal
Ru
Trog
Uskayaw
Vehumet
Zin

Annotations:
D:2 exclusion: downstairs
D:3 Sigmund


Innate Abilities, Weirdness & Mutations

You have hooves in place of feet.
Armour fits poorly on your strangely shaped body.
You cover ground very quickly.
You have extremely tough skin. (AC +3)


Message History

The fireball explodes!
The fireball engulfs the killer bee!
You kill the killer bee!
Okawaru accepts your kill.
Your Polearms skill increases to level 3!
The fireball engulfs you.
* * * LOW HITPOINT WARNING * * *
The fireball engulfs the killer bee!
You kill the killer bee!
Okawaru accepts your kill.
You feel sick.
Okay, then.
Evoke which item? (* to show all) (? for menu, Esc to quit)
Aiming: Throw Flame
Press: ? - help, Shift-Dir - straight line The puff of flame hits the killer bee.
The killer bee is moderately wounded.
You feel sick. The killer bee stings you.
* * * LOW HITPOINT WARNING * * *
The killer bee stings you.
You die...

##.##....#
#.##....# #..####.#
####.####.#
#.......#.#
#.......#.#
#.......#.#
#.......#.#
#.).....#@# ....
#.......#y# #....
#.......#†# #....
#.......#.# #...y
#.........# #....
########..# #....
#..############....
#.>...........>....
###############.###


You could see a killer bee.

Vanquished Creatures
  A scorpion (D:4)
  2 killer bees (D:5)
  2 crimson imps
  3 orc wizards
  A bullfrog skeleton (D:5)
  Terence (D:2)
  Natasha (thrice) (D:2)
  4 worker ants
  6 adders
  3 gnolls (D:3)
  2 oozes
  2 adder skeletons (D:4)
  5 worms
  2 dart slugs
  5 leopard geckos
  12 orcs
  A ball python (D:1)
  6 bats
  3 giant cockroaches
  12 goblins
  6 hobgoblins
  8 jackals
  3 quokkas
  7 frilled lizards
  12 kobolds
  6 rats
118 creatures vanquished.

Notes
Turn   | Place    | Note
-------+----------+-------------------------------------------
     0 | D:1      | Qix the Centaur Arcane Marksman began the quest for the
                  | Orb.
     0 | D:1      | Reached XP level 1. HP: 16/16 MP: 2/2
    87 | D:1      | Reached XP level 2. HP: 23/23 MP: 3/3
    92 | D:1      | Reached skill level 3 in Bows
   901 | D:1      | Reached XP level 3. HP: 28/28 MP: 4/4
  1321 | D:2      | Reached skill level 1 in Armour
  1417 | D:2      | Noticed Terence
  1495 | D:2      | Killed Terence
  1495 | D:2      | Reached skill level 1 in Polearms
  1495 | D:2      | Reached skill level 4 in Bows
  1495 | D:2      | Reached XP level 4. HP: 32/35 MP: 3/5
  2092 | D:2      | Noticed Natasha
  2104 | D:2      | Killed Natasha
  2347 | D:2      | Reached XP level 5. HP: 32/40 MP: 2/6
  2506 | D:2      | Noticed Natasha
  2517 | D:2      | Killed Natasha
  2713 | D:3      | Found a sacrificial altar of Ru.
  2719 | D:3      | Noticed Sigmund
  2935 | D:3      | HP: 2/41 [poisoned by an adder]
  3515 | D:3      | Reached skill level 5 in Bows
  3763 | D:2      | Noticed Natasha
  3767 | D:2      | Killed Natasha
  3767 | D:2      | Reached XP level 6. HP: 48/48 MP: 7/7
  4154 | D:3      | Found a burning altar of Makhleb.
  4155 | D:3      | Found a radiant altar of Vehumet.
  4683 | D:4      | Found a staircase to the Ecumenical Temple.
  4690 | Temple   | Entered the Ecumenical Temple
  4862 | Temple   | Became a worshipper of Warmaster Okawaru
  4916 | D:4      | Found a radiant altar of Vehumet.
  6165 | D:4      | Reached skill level 6 in Bows
  6165 | D:4      | Reached XP level 7. HP: 56/56 MP: 8/8
  6429 | D:5      | Entered Level 5 of the Dungeon
  7281 | D:5      | Slain by a killer bee

Levels and vault maps discovered:
D:1:      lightli_arrival_windingriver, layout_loops_ring,
          minmay_split_cup_large
D:2:      layout_loops_corners, minmay_misc_feat_diagonals, uniq_terence,
          uniq_natasha
D:3:      layout_loops_ring, grunt_temple_overflow_lords_of_destruction,
          nicolae_ru_awakened_eye, uniq_sigmund
D:4:      layout_gridville, minmay_temple_entry_mini_moons,
          vehumet_altar_wand_db
D:5:      layout_basic, first_ration, st_stairs_1, minmay_misc_feat_encased
Temple:   bh_familiar_temple

Skill      XL: |  1  2  3  4  5  6  7 |
---------------+----------------------+-----
Hexes          | 3 |  3.1
Bows           | 3 4 5 6 |  6.2
Armour         | 1 2 3 |  3.6
Polearms       | 1 2 3 |  3.0
Fighting       | 2 |  2.8
Dodging        | |  1.4
Spellcasting   | |  1.0

Action                   |  1- 3 |  4- 6 |  7- 9 || total
-------------------------+-------+-------+-------++-------
Melee: Spear             |   114 |   270 |    63 ||   447
       Kick              |    14 |    53 |     9 ||    76
       Short sword       |     5 |     1 |       ||     6
 Fire: Shortbow          |    16 |   108 |     8 ||   132
 Cast: Corona            |     4 |    10 |       ||    14
Evoke: Wand              |       |       |     4 ||     4
  Use: Scroll            |     3 |     2 |     3 ||     8
       Potion            |       |       |     2 ||     2
  Eat: Chunk             |     1 |    12 |       ||    13
       Ration            |       |     1 |     1 ||     2
Armor: Robe              |    34 |       |       ||    34
       Ring mail         |     6 |     1 |       ||     7
       Scale mail        |       |    73 |       ||    73
       Chain mail        |       |    49 |    38 ||    87
Dodge: Dodged            |    52 |    63 |    12 ||   127

Table legend:
 A = Non-vault XP
 B = Vault XP
 C = Vault XP percentage of total XP
 D = Non-vault monster count
 E = Vault monster count
 F = Vault count percentage of total count
                 A         B        C        D         E       F
            +---------+---------+-------+---------+---------+-------
      Total |     927 |     129 |  12.2 |     110 |       8 |   6.8
            +---------+---------+-------+---------+---------+-------
        D:1 |      41 |       6 |  12.8 |      21 |       4 |  16.0
        D:2 |     147 |      71 |  32.6 |      28 |       2 |   6.7
        D:3 |     238 |      50 |  17.4 |      35 |       1 |   2.8
        D:4 |     249 |       2 |   0.8 |      20 |       1 |   4.8
        D:5 |     252 |       0 |   0.0 |       6 |       0 |   0.0
            +---------+---------+-------+---------+---------+-------
